 Dungeon Crawl Stone Soup version 0.28-a0-265-g048bc9fd10 (webtiles) character file.

Game seed: 8587412404345501176

2840 Ankalagon the Carver (level 9, -7/81 HPs)
             Began as a Naga Brigand on Aug 27, 2021.
             Killed from afar by a steam dragon (16 damage)
             ... with a ball of steam
             ... on level 6 of the Dungeon.
             The game lasted 00:23:15 (9584 turns).

Ankalagon the Carver (Naga Brigand)                 Turns: 9584, Time: 00:23:16

Health: -7/81      AC:  6    Str: 15    XL:     9   Next: 74%
Magic:  9/9        EV: 11    Int: 11    God:
Gold:   232        SH:  0    Dex: 15    Spells: 8/8 levels left

rFire   . . .      SeeInvis +   a - +2 dagger (venom)
rCold   . . .      Faith    .   (no shield)
rNeg    . . .      Spirit   .   r - +0 robe
rPois   +          Reflect  .   k - +0 helmet
rElec   .          Harm     .   c - +0 cloak
rCorr   .          Rampage  .   (no gloves)
Will    +....                   (no barding)
Stlth   ++++......              (no amulet)
HPRegen 0.23/turn               (no ring)
MPRegen 0.11/turn               (no ring)

@: short of breath, very slow
A: AC +3, large, see invisible, deformed body, poison resistance, slowness 2,
spit poison 1, naga tail 1
a: Spit Poison


You were on level 6 of the Dungeon.
You visited 2 branches of the dungeon, and saw 8 of its levels.

You collected 232 gold pieces.

Inventory:

Hand Weapons
 a - a +2 dagger of venom (weapon)
 b - a +0 hunting sling of flaming
 g - a +3 great sword of freezing
 m - a +2 dagger
 z - a +0 long sword
Missiles
 d - 2 poisoned darts
 e - a curare-tipped dart
 s - 105 stones (quivered)
 y - 11 sling bullets
Armour
 c - a +0 cloak (worn)
 h - a +0 scale mail
 k - a +0 helmet (worn)
 r - a +0 robe (worn)
Jewellery
 w - a ring of fire
 x - a ring of protection from fire
Scrolls
 f - a scroll of enchant weapon {unknown}
 i - a scroll of holy word {unknown}
 j - a scroll of fear {unknown}
 l - a scroll of identify
 n - a scroll of immolation {unknown}
 p - 2 scrolls of amnesia {unknown}
 u - 3 scrolls of silence {unknown}
 v - a scroll of brand weapon {unknown}
 A - a scroll of enchant armour
Potions
 o - a potion of resistance
 q - a potion of mutation
 t - a potion of invisibility
 C - a potion of cancellation {unknown}


   Skills:
 - Level 5.0 Fighting
 - Level 2.0(5.7) Short Blades
 + Level 8.5(8.6) Long Blades
 - Level 1.3(4.0) Slings
 - Level 6.0 Throwing
 - Level 3.7 Dodging
 - Level 8.0 Stealth


You had 8 spell levels left.
You didn't know any spells.
Your spell library contained the following spells:

 Spells                   Type           Power      Damage    Failure   Level
 Summon Lightning Spire   Summ/Air       0%         N/A       98%         4
 Storm Form               Tmut/Air       0%         N/A       100%        7
 Maxwell's Capacitive Co  Air            0%         ∞         100%        8


Dungeon Overview and Level Annotations

Branches:
Dungeon (7/15)             Temple (1/1) D:6

Altars:
Ashenzari
Cheibriados
Dithmenos
Elyvilon
Fedhas
Hepliaklqana
Okawaru
Ru
Sif Muna
Trog
Vehumet
Wu Jian
Yredelemnul
Zin
The Shining One

Shops:
D:2 [

Annotations:
D:6 3 runed translucent doors, exclusion: vampire, Grinder; sn0wgr3's ghost, amateur MiFi


Innate Abilities, Weirdness & Mutations

Your serpentine skin is tough. (AC +3)
You have supernaturally acute eyesight. (SInv)
Armour fits poorly on your strangely shaped body.
Your system is resistant to poisons. (rPois)
You cover ground very slowly.
You can spit poison.
You have a snake-like lower body.


Message History

You hit the steam dragon.
The steam dragon looks as sick as possible!
The steam dragon is moderately wounded.
You barely miss the steam dragon.
The steam dragon is heavily wounded.
The steam dragon breathes steam at you. The ball of steam hits you!
* * * LOW HITPOINT WARNING * * *
You hit the steam dragon but do no damage.
The steam dragon is heavily wounded.
You are engulfed in a cloud of scalding steam.
The steam dragon bites you but does no damage.
The steam dragon claws you.
* * * LOW HITPOINT WARNING * * *
You hit the steam dragon but do no damage.
The steam dragon looks as sick as possible!
The steam dragon is moderately wounded.
You are engulfed in a cloud of scalding steam.
* * * LOW HITPOINT WARNING * * *
Okay, then.
Unknown command.
You hit the steam dragon.
The steam dragon looks as sick as possible!
The steam dragon is heavily wounded.
You are engulfed in a cloud of scalding steam.
* * * LOW HITPOINT WARNING * * *
The steam dragon bites you!
* * * LOW HITPOINT WARNING * * *
The steam dragon barely misses you.
You feel better.
You are engulfed in a cloud of scalding steam.
* * * LOW HITPOINT WARNING * * *
The steam dragon barely misses you. The steam dragon claws you.
* * * LOW HITPOINT WARNING * * *
Press: ? - help, Shift-Dir - straight line, f - steam dragon
Aim: a steam dragon (steam, severely wounded, extremely poisoned)
The splash of poison misses the steam dragon.
The steam dragon breathes steam at you. The ball of steam hits you!
You die...

>.....# #.....# #.°........
......# #######.# #○.........
......# #.....#.# #..........
......### #.###.#.# #..°.......
........# #.#.....# #..........
........####.#.#.######....°.....
.............#.#......#..........
.......####....#§..§§.#..........
...............§@.....#..........
######.#####.###D######..........
.....#.# #..##.# #..........
####<#.# ##.##.# #.°........ .#
#.#.# ####.)#.# #..°....... .#
#.#.# #.......############8.8# .#
#.#.# #..............#####..## .#
#.#.# #....................##
.###.#.# #..............#######


You could see a steam dragon (extremely poisoned, catching breath).

Vanquished Creatures
  5 yaks
  Sigmund (D:3)
  A necrophage (D:4)
  A sky beast (D:6)
  4 black bears
  An ice beast (D:6)
  2 ogres
  A centaur (D:5)
  4 scorpions
  A water moccasin skeleton (D:5)
  8 wights
  A howler monkey (D:4)
  2 hounds
  A jelly (D:4)
  3 bullfrog skeletons
  Jessica (D:2)
  2 iguanas (D:6)
  A hound skeleton (D:2)
  Robin (D:3)
  4 adders
  A white imp (D:5)
  2 ufetubi
  2 adder skeletons (D:4)
  2 worms (D:2)
  2 dart slugs
  4 orcs
  5 bats
  6 endoplasms
  4 giant cockroaches
  6 hobgoblins
  3 jackals (D:1)
  2 quokkas
  8 ball pythons
  6 frilled lizards
  20 goblins
  4 kobolds
  4 rats
126 creatures vanquished.

Vanquished Creatures (others)
  35 plants (D:5)
35 creatures vanquished.

Grand Total: 161 creatures vanquished

Notes
Turn   | Place    | Note
-------+----------+-------------------------------------------
     0 | D:1      | Ankalagon the Naga Brigand began the quest for the Orb.
     0 | D:1      | Reached XP level 1. HP: 19/19 MP: 1/1
   241 | D:1      | Reached XP level 2. HP: 26/26 MP: 2/2
   434 | D:1      | Found a faded altar of an unknown god.
   716 | D:1      | Reached XP level 3. HP: 31/32 MP: 3/3
   990 | D:2      | Found Sanauwk's Armour Emporium.
  1291 | D:2      | Noticed Jessica
  1304 | D:2      | Killed Jessica
  1305 | D:2      | Reached XP level 4. HP: 20/40 MP: 4/4
  1708 | D:2      | Reached XP level 5. HP: 17/49 MP: 5/5
  2324 | D:3      | Noticed Sigmund
  2342 | D:3      | Killed Sigmund
  2343 | D:3      | Reached XP level 6. HP: 38/57 MP: 6/6
  2804 | D:3      | Noticed Robin
  2832 | D:3      | Killed Robin
  2852 | D:3      | Reached skill level 5 in Throwing
  3215 | D:3      | Noticed a black bear
  3223 | D:3      | Killed a black bear
  3224 | D:3      | Reached skill level 5 in Fighting
  3224 | D:3      | Reached XP level 7. HP: 53/67 MP: 7/7
  3506 | D:4      | Found a bloodstained altar of Trog.
  3719 | D:4      | Reached skill level 1 in Dodging
  3719 | D:4      | Reached XP level 8. HP: 41/74 MP: 8/8
  4564 | D:4      | Reached skill level 1 in Slings
  4824 | D:4      | Found an iron altar of Okawaru.
  5257 | D:5      | Entered Level 5 of the Dungeon
  6026 | D:4      | Reached skill level 1 in Long Blades
  6144 | D:5      | Noticed a yak
  6166 | D:5      | Noticed a yak
  6168 | D:5      | Noticed a yak
  6169 | D:5      | Noticed a yak
  6169 | D:5      | Noticed a yak
  6178 | D:4      | Killed a yak
  6792 | D:4      | Killed a yak
  6793 | D:4      | Reached skill level 5 in Long Blades
  6793 | D:4      | Reached XP level 9. HP: 55/81 MP: 9/9
  7963 | D:5      | Found a glowing golden altar of the Shining One.
  8315 | D:6      | Found a runed translucent gate.
  8315 | D:6      | Found a runed translucent gate.
  8315 | D:6      | Found a runed translucent gate.
  8315 | D:6      | Noticed a six-headed hydra
  8316 | D:6      | Noticed sn0wgr3's ghost (amateur MiFi)
  8449 | D:6      | Noticed Grinder
  8689 | D:6      | Found a staircase to the Ecumenical Temple.
  8698 | Temple   | Entered the Ecumenical Temple
  9009 | D:6      | Found an ornate altar of the Wu Jian Council.
  9025 | D:6      | Found a blossoming altar of Fedhas.
  9582 | D:6      | HP: 4/81 [steam dragon (8)]
  9584 | D:6      | Killed from afar by a steam dragon

Illustrated notes

Levels and vault maps discovered:
D:1:      dpeg_arrival_rhombi, layout_loops_ring,
          shapermc_ecumenical_altar_mp_ritualfount
D:2:      layout_rooms, serial_shops, nicolae_shop_statue_plus,
          hangedman_decor_diamond_cutter, chequers_serial_rivers_micro_e,
          uniq_jessica
D:3:      layout_basic, serial_park_tiny_pond, minivault_24, uniq_sigmund,
          uniq_robin
D:4:      layout_basic, lemuel_crystal_altar, trog_ov_bears_minmay,
          corexii_leaking_fountain, kennysheep_generic_room_15
D:5:      layout_cave_pools, kennysheep_mini_moat, serial_bayou,
          serial_bayou_lake_a, serial_bayou_lagoon_a, serial_bayou_pond_c,
          serial_bayou_crossing
D:6:      layout_basic, mainiacjoe_overflow_large_starburst,
          lemuel_temple_firewalk_a, gammafunk_ghost_split, uniq_grinder
D:7:      layout_gridville, nicolae_qazlal_general_emergency, serial_shops,
          nicolae_shop_temple_entry_statues_fountains, uniq_prince_ribbit1
Temple:   jpeg_temple_alley_garden

Skill      XL: |  1  2  3  4  5  6  7  8  9 |
---------------+----------------------------+-----
Throwing       | 2 3 4 5 6 |  6.0
Fighting       | 3 4 5 |  5.0
Stealth        | 8 |  8.0
Dodging        | 1 3 |  3.7
Slings         | 1 |  1.3
Long Blades    | 5 8 |  8.5
Short Blades   | |  2.0

Action                   |  1- 3 |  4- 6 |  7- 9 || total
-------------------------+-------+-------+-------++-------
Melee: Dagger            |    56 |   116 |   193 ||   365
       Great sword       |       |       |    16 ||    16
 Fire: Hunting sling     |       |       |   122 ||   122
Throw: Dart              |    13 |    25 |    17 ||    55
       Throwing net      |       |       |     1 ||     1
 Abil: Spit Poison       |    25 |    22 |    18 ||    65
  Use: Potion            |       |     1 |     2 ||     3
       Scroll            |       |       |     5 ||     5
 Stab: Sleeping          |     1 |     1 |     6 ||     8
       Invisible         |       |       |     1 ||     1
       Held in net/web   |       |       |     1 ||     1
Armor: Robe              |    16 |    37 |    56 ||   109
Dodge: Dodged            |    20 |    48 |   113 ||   181

Table legend: (Time is in decaauts)
 A = Elapsed time spent in this place.
 B = Non-inter-level travel time spent in this place.
 C = Inter-level travel time spent in this place.
 D = Time resting spent in this place.
 E = Time spent auto-exploring this place.
 F = Levels seen in this place.
 G = Mean time per level.
                   A        B        C        D        E       F      G
               +--------+--------+--------+--------+--------+-----+--------+
         Total |  11767 |  10461 |   1306 |   1945 |   6493 |   8 | 1470.9 |
       Dungeon |  11449 |  10143 |   1306 |   1945 |   6244 |   7 | 1635.6 |
        Temple |    317 |    317 |      0 |      0 |    248 |   1 |  317.0 |
               +--------+--------+--------+--------+--------+-----+--------+

Top non-repeatable levels by time:
     D:4: 3472 daAuts
     D:3: 2175 daAuts
     D:2: 1730 daAuts
     D:5: 1471 daAuts
     D:6: 1340 daAuts
     D:1: 1230 daAuts
  Temple: 317 daAuts
     D:7: 27 daAuts
